 Dungeon Crawl Stone Soup version 0.24.0-125-gc4c63601f3 (webtiles) character file.

Game seed: 14803416725928034319, levelgen mode: deterministic

481 Mrkan the Cudgeler (level 7, -1/44 HPs)
             Began as a Gargoyle Fighter on Feb 23, 2020.
             Killed from afar by Dowan (10 damage)
             ... with a stone arrow
             ... on level 4 of the Dungeon.
             The game lasted 00:05:35 (3532 turns).

Mrkan the Cudgeler (Gargoyle Fighter)               Turns: 3532, Time: 00:05:35

Health: -1/44      AC: 16    Str: 21    XL:     7   Next: 12%
Magic:  7/7        EV:  5    Int:  9    God:
Gold:   95         SH:  9    Dex:  9    Spells: 6/6 levels left

rFire    . . .     SeeInvis .   v - +0 morningstar
rCold    . . .     Gourm    .   c - +0 shield
rNeg     + . .     Faith    .   t - +0 chain mail
rPois    ∞         Spirit   .   j - +1 helmet
rElec    +         Reflect  .   (no cloak)
rCorr    .         Harm     .   (no gloves)
MR       .....                  (no boots)
Stlth    ..........             (no amulet)
HPRegen  0.14/turn              (no ring)
MPRegen  0.10/turn              (no ring)

@: no status effects
A: negative energy resistance 1, electricity resistance, unbreathing,
petrification resistance, rot immunity, AC +4
a: no special abilities


You were on level 4 of the Dungeon.
You were not hungry.

You visited 1 branch of the dungeon, and saw 4 of its levels.

You collected 133 gold pieces.
You spent 38 gold pieces at shops.

Inventory:

Hand Weapons
 v - a +0 morningstar (weapon)
Missiles
 r - 3 curare-tipped darts (quivered)
 s - 2 javelins
Armour
 c - a +0 shield (worn)
 j - a +1 helmet (worn)
 t - a +0 chain mail (worn)
Scrolls
 e - 6 scrolls of remove curse
 g - 3 scrolls of identify
 i - a scroll of enchant armour
 o - a scroll of immolation
 q - 2 scrolls of teleportation
 y - a scroll of enchant weapon {unknown}
Potions
 a - a potion of cancellation
 k - 3 potions of heal wounds
 m - 2 potions of curing
 n - a potion of haste
 p - 2 potions of agility
 u - a potion of flight
 x - a potion of degeneration
Comestibles
 d - 3 chunks of flesh
 f - 5 rations


   Skills:
 + Level 4.8 Fighting
 * Level 5.0 Maces & Flails
 + Level 4.7 Armour
 + Level 4.8 Shields


You had 6 spell levels left.
You didn't know any spells.
Your spell library was empty.

Dungeon Overview and Level Annotations

Branches:
Dungeon (4/15)
 Temple: D:4-7

Altars:

Shops:
D:4 *

Annotations:
D:4 Dowan


Innate Abilities, Weirdness & Mutations

You are resistant to torment.
Your stone body is resilient. (AC +4)
You are immune to poison.
You resist negative energy. (rN+)
You are resistant to electric shocks. (rElec)
You can survive without breathing.
You are immune to petrification.
You are immune to rotting.


Message History

* * * LOW HITPOINT WARNING * * *
You miss Dowan.
Dowan is heavily wounded.
Dowan gestures wildly while chanting.
Dowan blinks!
Dowan casts a spell.
Dowan blinks!
Dowan points at you and mumbles some strange words.
You block the shard of ice.
Dowan gestures wildly while chanting.
Dowan blinks!
Dowan points at you and mumbles some strange words.
You block the shard of ice. Dowan hits you but does no damage.
Dowan completely misses you.
You barely miss Dowan.
Dowan is heavily wounded.
You block Dowan's attack. Dowan casts a spell at you. The stone arrow hits you!
You die...

#. #. #
#.##########.## ####
#............># ...#
#.............# ...#
#..).e@...%.$.# ...#
#.............# ...###
#......#####... .....#
#####...#### ...#.#
#.......
...#+##########....###
##...........##....#
##...........##....#
##...............#.#


You could see Dowan.

Vanquished Creatures
  Duvessa (D:4)
  A sky beast (D:3)
  An orc priest (D:4)
  A centaur skeleton (D:4)
  2 worker ants (D:4)
  3 gnolls (D:4)
  4 adders
  2 oozes
  3 worms
  A dart slug (D:1)
  2 leopard geckos
  7 orcs
  13 bats
  4 giant cockroaches
  10 goblins
  11 hobgoblins
  4 jackals (D:2)
  A quokka (D:2)
  2 ball pythons
  2 frilled lizards
  12 kobolds
  A quokka skeleton (D:4)
  7 rats
95 creatures vanquished.

Notes
Turn   | Place    | Note
-------+----------+-------------------------------------------
     0 | D:1      | Mrkan the Gargoyle Fighter began the quest for the Orb.
     0 | D:1      | Reached XP level 1. HP: 14/14 MP: 1/1
   128 | D:1      | Reached XP level 2. HP: 18/19 MP: 2/2
   586 | D:1      | Reached XP level 3. HP: 21/23 MP: 3/3
  1114 | D:2      | Reached skill level 3 in Maces & Flails
  1197 | D:2      | Reached XP level 4. HP: 28/29 MP: 4/4
  1810 | D:3      | Noticed a sky beast
  1840 | D:3      | Killed a sky beast
  1840 | D:3      | Reached XP level 5. HP: 19/33 MP: 5/5
  1976 | D:3      | Reached skill level 4 in Maces & Flails
  2315 | D:3      | Reached XP level 6. HP: 36/38 MP: 6/6
  3482 | D:4      | Found Xytehom's Assorted Antiques.
  3486 | D:4      | Bought a scroll labeled HAR ULIGUXEPLU for 19 gold pieces
  3486 | D:4      | Bought a scroll labeled GUTTIR SEFY for 19 gold pieces
  3503 | D:4      | Noticed Duvessa
  3503 | D:4      | Noticed Dowan
  3512 | D:4      | Killed Duvessa
  3512 | D:4      | Reached skill level 5 in Maces & Flails
  3512 | D:4      | Reached XP level 7. HP: 33/44 MP: 7/7
  3532 | D:4      | Killed from afar by Dowan

Levels and vault maps discovered:
D:1:      evilmike_arrival_rings, layout_loops_corners
D:2:      layout_basic
D:3:      layout_loops_ring, serial_park_tiny_1
D:4:      layout_basic, vehumet_altar_wand_db, serial_shops, shop,
          minmay_pentomino_pile, uniq_duvessa

Skill      XL: |  1  2  3  4  5  6 |
---------------+-------------------+-----
Maces & Flails | 3 4 5 |  5.0
Fighting       | 4 |  4.8
Armour         | 4 |  4.7
Shields        | 4 |  4.8

Action                   |  1- 3 |  4- 6 |  7- 9 || total
-------------------------+-------+-------+-------++-------
Melee: Flail             |   151 |   100 |       ||   251
       Morningstar       |       |   182 |    11 ||   193
  Use: Potion            |       |     2 |       ||     2
       Scroll            |       |    15 |       ||    15
  Eat: Chunk             |     1 |     8 |       ||     9
Armor: Scale mail        |    82 |    20 |       ||   102
       Chain mail        |       |   188 |     8 ||   196
Dodge: Dodged            |    65 |    80 |     2 ||   147
Block: Shield            |    91 |   179 |     9 ||   279
